Map: King's Cove LE

Players

Lambo - Winner!

  • Race: Zerg Zerg
  • Spawn Location: 11:00

Ziggy

  • Race: Terran Terran
  • Spawn Location: 5:00

Event: 2019 WCS Spring

VOD

Have the link to the VOD?

Description

Time

  • Played on: May 17, 2019, 6:33 a.m.
  • Length: 11:28

All games in this series

Show
View Real Time Build Order
Export as new Build Order

Lambo Zerg - Winner!

Build Orders: Hatch First 

Get SALT Encoding   

  12  0:01  Drone  
  13  0:14  Overlord  
  13  0:18  Drone  
  14  0:33  Drone x2  
  16  0:50  Hatchery  
  16  0:53  Drone  
  16  0:56  Drone  
  17  0:59  Drone  
  18  1:07  Extractor  
  17  1:16  Spawning Pool  
  16  1:19  Drone  
  16  1:22  Drone  
  18  1:30  Drone  
  19  1:41  Drone  
  20  1:52  Overlord  
  20  2:02  Queen  
  20  2:03  Queen, Zergling x2  
  20  2:04  Zergling x2  
  26  2:09  Metabolic Boost  
  26  2:14  Zergling x2  
  27  2:17  Drone  
  28  2:25  Zergling x2  
  28  2:26  Drone  
  29  2:42  Hatchery  
  28  2:46  Zergling x4  
  28  2:47  Drone  
  30  2:54  Overlord  
  30  3:00  Drone  
  30  3:05  Queen  
  33  3:08  Zergling x2  
  34  3:16  Zergling x4  
  36  3:21  Zergling x4  
  36  3:26  Zergling x2  
  38  3:32  Zergling x2  
  39  3:35  Overlord  
  38  3:41  Zergling x6  
  41  3:49  Overlord  
  41  3:51  Drone  
  41  3:55  Drone x2  
  44  3:58  Drone  
  44  4:02  Drone x2  
  47  4:11  Drone x3  
  47  4:14  Drone  
  47  4:16  Drone  
  52  4:18  Drone  
  52  4:23  Drone x3  
  56  4:26  Zergling x2  
  57  4:31  Queen  
  57  4:34  Overlord  
  59  4:39  Zergling x4  
  59  4:41  Overlord  
  59  4:45  Zergling x2  
  62  4:46  Drone  
  62  4:50  Drone  
  64  4:55  Zergling x2  
  64  4:56  Drone x3  
  64  4:57  Drone  
  64  4:58  Drone  
  64  4:59  Drone  
  71  5:04  Queen  
  73  5:09  Drone x2  
  73  5:10  Overlord  
  73  5:12  Drone  
  76  5:18  Overlord  
  76  5:19  Extractor  
  76  5:20  Extractor  
  74  5:27  Overlord  
  74  5:28  Queen  
  74  5:34  Overlord  
  76  5:36  Zergling x4  
  76  5:42  Drone x2  
  80  5:43  Drone x2  
  80  5:45  Zergling x2  
  80  5:46  Drone x3  
  86  5:50  Evolution Chamber, Drone  
  86  5:52  Lair  
  86  5:53  Drone x3  
  86  5:55  Drone  
  90  6:00  Drone x2  
  90  6:01  Drone  
  93  6:04  Drone  
  93  6:05  Drone x2  
  93  6:09  Evolution Chamber  
  93  6:11  Drone x2  
  93  6:12  Zergling x2  
  94  6:21  Drone, Zerg Ground Armor Level 1  
  94  6:22  Drone x3  
  94  6:23  Zergling x2  
  99  6:28  Extractor  
  99  6:31  Zergling x2  
  97  6:33  Queen  
  97  6:36  Zerg Melee Weapons Level 1  
  97  6:37  Hatchery, Zergling x6  
  97  6:39  Zergling x4  
  101  6:44  Zergling x8  
  105  6:54  Drone x2  
  105  6:56  Drone x4  
  105  6:58  Drone  
  101  7:02  Hydralisk Den, Baneling Nest  
  101  7:03  Extractor  
  101  7:04  Drone  
  101  7:05  Drone x4  
  103  7:09  Drone  
  103  7:12  Overseer  
  103  7:14  Infestation Pit, Drone  
  103  7:15  Extractor  
  103  7:19  Drone x2  
  105  7:27  Drone x2  
  106  7:31  Muscular Augments  
  106  7:32  Hatchery, Overlord  
  106  7:33  Overlord  
  106  7:35  Overlord  
  106  7:36  Overseer  
  105  7:37  Overlord  
  105  7:39  Overlord, Extractor  
  105  7:40  Drone  
  105  7:41  Extractor  
  104  7:47  Drone x2  
  106  7:52  Hydralisk x4  
  106  7:53  Hydralisk x2  
  106  7:56  Centrifical Hooks  
  118  7:59  Hydralisk x2  
  118  8:01  Queen  
  118  8:03  Drone  
  118  8:04  Drone  
  118  8:05  Drone  
  127  8:09  Hydralisk x2  
  131  8:15  Hydralisk x3  
  137  8:23  Overlord, Hive  
  137  8:25  Overlord  
  137  8:26  Zerg Missile Weapons Level 1  
  137  8:27  Overlord, Overseer  
  137  8:31  Spore Crawler x2  
  135  8:36  Drone x4  
  135  8:38  Drone  
  135  8:39  Overseer  
  140  8:42  Grooved Spines  
  140  8:46  Drone  
  140  8:47  Drone x4  
  142  8:48  Drone x2  
  142  8:49  Spore Crawler  
  142  8:54  Hydralisk x4  
  148  8:56  Zerg Melee Weapons Level 2  
  148  9:00  Drone x3  
  147  9:05  Spore Crawler  
  146  9:12  Spire  
  145  9:21  Zergling x28  
  145  9:22  Baneling x3  
  158  9:25  Baneling x6  
  158  9:27  Overlord  
  158  9:32  Overlord  
  158  9:37  Viper x3  
  167  9:40  Zergling x12  
  173  9:48  Drone x2  
  173  9:52  Hydralisk  
  175  9:53  Zergling x18  
  175  9:58  Viper  
  189  10:01  Pneumatized Carapace  
  189  10:02  Overlord  
  189  10:06  Overlord  
  187  10:14  Evolution Chamber, Overlord  
  187  10:15  Evolution Chamber  
  187  10:20  Baneling x18  
  185  10:30  Overseer  
  185  10:34  Baneling x9  
  185  10:35  Zergling x30  
  200  10:48  Baneling x6  
  200  11:03  Overlord, Baneling x3  
  200  11:05  Overlord  
Show
View Real Time Build Order
Export as new Build Order

Ziggy Terran 

Build Orders: Mech 

Get SALT Encoding   

  12  0:00  SCV  
  13  0:12  SCV  
  14  0:18  Supply Depot  
  14  0:24  SCV  
  15  0:39  SCV  
  16  0:42  Barracks  
  16  0:46  Refinery  
  16  0:51  SCV  
  17  1:01  Barracks  
  17  1:05  SCV  
  18  1:17  SCV  
  19  1:30  Reaper, Orbital Command  
  20  1:37  Barracks  
  20  1:44  Refinery  
  20  1:47  Reaper  
  21  1:56  Supply Depot  
  21  2:00  SCV  
  22  2:05  Reaper  
  23  2:17  SCV  
  23  2:20  Reaper  
  25  2:26  Reaper  
  26  2:38  Reaper  
  26  2:40  SCV  
  28  2:52  Reaper  
  28  2:53  Command Center  
  30  2:58  Reaper  
  30  3:00  Supply Depot  
  30  3:01  SCV  
  31  3:21  SCV, Reaper  
  31  3:24  Reaper  
  34  3:30  Reaper  
  34  3:33  SCV  
  36  3:45  SCV  
  37  3:53  Reaper  
  37  3:54  Command Center  
  38  3:56  Reaper  
  39  4:05  SCV, Reaper, Orbital Command  
  42  4:17  SCV  
  42  4:21  Factory  
  42  4:25  Reaper  
  42  4:29  SCV  
  42  4:30  Refinery  
  42  4:31  SCV  
  45  4:37  Marine  
  46  4:40  Marine  
  46  4:41  SCV  
  46  4:43  SCV  
  49  4:53  SCV  
  49  4:55  SCV, Marine  
  49  4:57  Marine  
  53  5:05  SCV  
  53  5:06  Factory Tech Lab  
  54  5:07  SCV, Supply Depot  
  54  5:08  Supply Depot  
  54  5:13  Orbital Command  
  55  5:17  SCV  
  55  5:19  SCV  
  57  5:22  Starport  
  57  5:26  Siege Tank  
  60  5:28  Marine  
  60  5:31  SCV  
  62  5:36  SCV  
  62  5:42  Refinery  
  63  5:43  SCV  
  63  5:44  SCV  
  63  5:48  SCV  
  66  5:51  Marine x2  
  66  5:55  SCV  
  66  5:57  SCV  
  70  5:58  Siege Tank  
  70  6:00  SCV  
  70  6:01  Starport Tech Lab  
  74  6:07  SCV  
  74  6:09  SCV  
  76  6:13  SCV  
  77  6:21  Cloaking Field  
  77  6:22  Banshee  
  77  6:23  SCV  
  81  6:31  SCV x2  
  83  6:40  Siege Tank  
  83  6:41  Factory  
  83  6:42  Factory  
  83  6:43  Factory  
  83  6:45  Factory  
  86  6:51  Orbital Command  
  84  6:55  SCV  
  84  6:56  SCV  
  84  6:58  Mag-Field Accelerator  
  73  7:07  Banshee  
  73  7:08  SCV x2  
  78  7:18  Cyclone  
  78  7:20  SCV x2  
  78  7:21  SCV  
  84  7:22  Refinery  
  84  7:24  Refinery  
  84  7:26  Factory Tech Lab  
  84  7:27  Factory Tech Lab  
  84  7:29  Factory Tech Lab  
  84  7:31  Command Center  
  84  7:32  SCV x2  
  84  7:35  Factory Reactor  
  84  7:36  Armory  
  86  7:40  Armory  
  86  7:43  Engineering Bay  
  86  7:44  SCV  
  86  7:45  SCV  
  86  7:46  SCV  
  89  7:56  Supply Depot  
  89  7:57  SCV, Supply Depot  
  89  7:58  Supply Depot  
  90  7:59  Supply Depot  
  90  8:00  Banshee  
  93  8:07  Hyperflight Rotors  
  93  8:18  SCV x2, Cyclone x2  
  93  8:19  SCV, Cyclone  
  105  8:24  Cyclone  
  108  8:28  Terran Vehicle Weapons Level 1  
  108  8:30  SCV x2, Missile Turret  
  108  8:31  SCV  
  108  8:32  Missile Turret  
  111  8:37  Terran Vehicle And Ship Armor Level 1  
  111  8:38  Supply Depot x2  
  111  8:42  SCV  
  111  8:46  Banshee  
  115  8:50  Cyclone  
  115  8:51  Hellion x2  
  122  8:57  Cyclone x2  
  128  9:14  Infernal Pre-Igniter, Refinery  
  128  9:15  Hellion x2  
  132  9:18  SCV x2  
  132  9:20  Planetary Fortress  
  132  9:21  Refinery  
  132  9:24  SCV  
  135  9:28  Cyclone  
  135  9:29  Command Center  
  135  9:30  SCV x2  
  140  9:32  Banshee  
  140  9:36  SCV  
  144  9:38  Siege Tank  
  147  9:48  SCV x2  
  147  9:50  Factory  
  147  9:51  Factory  
  147  9:52  Hellion x2  
  156  10:00  Siege Tank  
  156  10:19  Supply Depot  
  156  10:20  Banshee, Siege Tank, Supply Depot x2  
  162  10:23  SCV x2  
  164  10:36  Factory Tech Lab x2  
  164  10:38  Supply Depot x2  
  164  10:40  SCV x2, Siege Tank x3  
  164  10:41  Hellion x2, Sensor Tower  
  179  10:51  SCV x2  
  179  10:52  Starport x2  
  179  10:54  Cyclone x2  
  187  11:02  Hellion  
Tags
 
Add a new tag
Caveats
  • Supply blocks, unpowered buildings, or Contaminate may cause inaccurate times.
  • Supply counts are checked every 10 seconds.